 Dungeon Sprint DCSS version 0.27-a0-789-g6bb3289e1e (webtiles) character file.

Game seed: 16970488742326644556

6770 mhtbhm the Bludgeoner (level 11, -9/76 HPs)
             Began as a Gargoyle Fighter on Mar 26, 2021.
             Was the Champion of Okawaru.
             Mangled by a dire elephant (20 damage)
             ... in the Dungeon (Sprint IX: "|||||||||||||||||||||||||||||").
             The game lasted 00:03:30 (1565 turns).

mhtbhm the Bludgeoner (Gargoyle Fighter)            Turns: 1565, Time: 00:03:31

Health: -9/76      AC: 20    Str: 22    XL:     11   Next: 4%
Magic:  11/11      EV: 12    Int: 16    God:    Okawaru [******]
Gold:   0          SH: 13    Dex:  9    Spells: 10/10 levels left

rFire    + . .     SeeInvis .   a - +0 flail
rCold    . . .     Faith    .   c - +0 kite shield
rNeg     + . .     Spirit   .   b - +2 ring mail {rF+}
rPois    ∞         Reflect  .   n - +0 helmet
rElec    +         Harm     .   (no cloak)
rCorr    .         Rampage  .   o - +0 pair of gloves
Will     .....     NoTele   +   (no boots)
Stlth    ++........             (no amulet)
HPRegen  0.22/turn              p - +3 ring of intelligence
MPRegen  0.12/turn              q - +3 ring of intelligence

@: no status effects
A: AC +8, negative energy resistance 1, electricity resistance, torment
resistance 1, unbreathing 1, petrification resistance
a: Renounce Religion, Heroism, Finesse


You were in the Dungeon.
You worshipped Okawaru.
Okawaru was exalted by your worship.
You visited 1 branch

Inventory:

Hand Weapons
 a - a +0 flail (weapon)
Missiles
 e - 2 poisoned darts
 w - 2 atropa-tipped darts (quivered)
Armour
 b - a +2 ring mail of fire resistance (worn)
 c - a +0 kite shield (worn)
 n - a +0 helmet (worn)
 o - a +0 pair of gloves (worn)
Jewellery
 p - a +3 ring of intelligence (right hand)
 q - a +3 ring of intelligence (left hand)
Wands
 m - a wand of iceblast (7)
Scrolls
 j - 3 scrolls of blinking
 l - 2 scrolls of amnesia
 t - 4 scrolls of identify
 u - 2 scrolls of enchant weapon
 v - 2 scrolls of enchant armour
Potions
 d - a potion of might
 f - 2 potions of heal wounds
 h - 4 potions of magic
 i - 2 potions of resistance
 k - 4 potions of curing
 r - a potion of brilliance
 s - a potion of mutation


   Skills:
 + Level 11.9 Fighting
 + Level 15.1 Maces & Flails
 + Level 0.8 Throwing
 + Level 11.0 Armour
 + Level 5.7 Dodging
 + Level 4.6 Stealth
 + Level 14.1 Shields
 + Level 1.8 Evocations


You had 10 spell levels left.
You didn't know any spells.
Your spell library contained the following spells:

 Spells                   Type           Power      Damage    Failure   Level
 Call Canine Familiar     Summ           0%         N/A       77%         3
 Conjure Flame            Conj/Fire      0%         6-21      77%         3
 Mephitic Cloud           Conj/Pois/Air  0%         N/A       77%         3
 Teleport Other           Tloc           0%         N/A       77%         3
 Vampiric Draining        Necr           0%         2d6       77%         3


Dungeon Overview and Level Annotations

Branches:
Dungeon (1/1)

Altars:
Cheibriados
Dithmenos
Elyvilon
Fedhas
Gozag
Hepliaklqana
Kikubaaqudgha
Makhleb
Nemelex Xobeh
Okawaru
Qazlal
Ru
Sif Muna
Trog
Uskayaw
Vehumet
Wu Jian
Xom
Yredelemnul
Zin
The Shining One
Beogh
Jiyva
Lugonu


Innate Abilities, Weirdness & Mutations

Your stone body is resilient. (AC +8)
You are immune to poison.
You resist negative energy. (rN+)
You are resistant to electric shocks. (rElec)
You are resistant to unholy torment.
You can survive without breathing.
You are immune to petrification.


Message History

You close the door.
You start resting.
Your extra speed is starting to run out.
You start resting.
You feel yourself slow down.
You open the door.
Unknown command.
You hit the dire elephant but do no damage.
The dire elephant is heavily wounded.
You hit the dire elephant.
The dire elephant is heavily wounded.
The dire elephant tramples you but does no damage.
You block the dire elephant's attack.
You hit the dire elephant but do no damage.
The dire elephant is heavily wounded.
You block the dire elephant's attack.
The dire elephant trunk-slaps you but does no damage.
You hit the dire elephant but do no damage.
The dire elephant is heavily wounded.
You hit the dire elephant but do no damage.
The dire elephant is heavily wounded.
The dire elephant barely misses you.
The dire elephant trunk-slaps you but does no damage.
You hit the dire elephant.
The dire elephant is heavily wounded.
You block the dire elephant's attack. x2
You hit the dire elephant.
The dire elephant is heavily wounded.
You block the dire elephant's attack. The dire elephant trunk-slaps you.
You sock the dire elephant!
The dire elephant is severely wounded.
You hit the dire elephant but do no damage.
The dire elephant is severely wounded.
The dire elephant tramples you!
* * * LOW HITPOINT WARNING * * *
You stumble backwards!
You hit the dire elephant but do no damage.
The dire elephant is severely wounded.
The dire elephant tramples you!!
You die...

▓▓▓▓▓▓▓▓▓▓▓▓▓▓▓▓▓▓▓▓▓▓▓▓▓▓▓▓▓▓▓▓▓
....÷[....YY.YYY@.....(.....'....
▓▓▓▓▓▓▓▓▓▓▓▓▓▓▓▓▓▓▓▓▓▓▓▓▓▓▓▓▓▓▓▓▓
.................................
▓▓▓▓▓▓▓▓▓▓▓▓▓▓▓▓▓▓▓▓▓▓▓▓▓▓▓▓▓▓▓▓▓
___________________'.....†.....†.
▓▓▓▓▓▓▓▓▓▓▓▓▓▓▓▓▓▓▓▓▓▓▓▓▓▓▓▓▓▓▓▓▓


You could see 2 dire elephants and 3 elephants.

Vanquished Creatures
  2 centaur warriors (D)
  A deep elf pyromancer (D)
  A cyclops (D)
  2 elephants (D)
  Joseph (D)
  A black mamba (D)
  3 cane toads (D)
  A komodo dragon (D)
  A troll (D)
  A blink frog (D)
  A wraith (D)
  A wyvern (D)
  A vampire mosquito (D)
  A basilisk (D)
  5 water moccasins (D)
  A black bear (D)
  A wolf (D)
  2 centaurs (D)
  A kobold brigand (D)
  3 bullfrogs (D)
  A gnoll sergeant (D)
  2 hounds (D)
  An adder (D)
  An adder skeleton (D)
  A dart slug (D)
  A ball python (D)
  A bat zombie (D)
  2 hobgoblins (D)
  A quokka (D)
42 creatures vanquished.

Vanquished Creatures (others)
  A yak (D)
1 creature vanquished.

Grand Total: 43 creatures vanquished

Notes
Turn   | Place    | Note
-------+----------+-------------------------------------------
     0 | D        | mhtbhm the Gargoyle Fighter began the quest for the Orb.
     0 | D        | Reached XP level 1. HP: 14/14 MP: 1/1
    14 | D        | Reached XP level 2. HP: 17/20 MP: 2/2
    67 | D        | Reached skill level 3 in Maces & Flails
    67 | D        | Reached skill level 5 in Armour
    67 | D        | Reached XP level 3. HP: 11/24 MP: 3/3
    80 | D        | Reached skill level 5 in Fighting
    80 | D        | Reached skill level 5 in Shields
    80 | D        | Reached XP level 4. HP: 7/31 MP: 4/4
    99 | D        | Found a snail-covered altar of Cheibriados.
    99 | D        | Found a shadowy altar of Dithmenos.
    99 | D        | Found a white marble altar of Elyvilon.
    99 | D        | Found a blossoming altar of Fedhas.
    99 | D        | Found an opulent altar of Gozag.
   100 | D        | Found a hazy altar of Hepliaklqana.
   101 | D        | Found a viscous altar of Jiyva.
   102 | D        | Found an ancient bone altar of Kikubaaqudgha.
   103 | D        | Found a corrupted altar of Lugonu.
   104 | D        | Found a burning altar of Makhleb.
   105 | D        | Found a sparkling altar of Nemelex Xobeh.
   106 | D        | Found an iron altar of Okawaru.
   107 | D        | Found a stormy altar of Qazlal.
   108 | D        | Found a sacrificial altar of Ru.
   109 | D        | Found a shimmering blue altar of Sif Muna.
   110 | D        | Found a bloodstained altar of Trog.
   111 | D        | Found a hide-covered altar of Uskayaw.
   112 | D        | Found a radiant altar of Vehumet.
   113 | D        | Found an ornate altar of the Wu Jian Council.
   114 | D        | Became a worshipper of Warmaster Okawaru
   115 | D        | Found a shimmering altar of Xom.
   116 | D        | Found a basalt altar of Yredelemnul.
   117 | D        | Found a glowing silver altar of Zin.
   118 | D        | Found a glowing golden altar of the Shining One.
   345 | D        | Noticed a centaur
   345 | D        | Noticed a centaur
   345 | D        | Noticed a vampire mosquito
   345 | D        | Noticed a kobold brigand
   345 | D        | Noticed a yak
   345 | D        | Noticed a gnoll sergeant
   361 | D        | Killed a gnoll sergeant
   362 | D        | Reached skill level 5 in Maces & Flails
   362 | D        | Reached skill level 1 in Dodging
   362 | D        | Reached XP level 5. HP: 26/36 MP: 5/5
   362 | D        | Killed a yak
   385 | D        | Killed a kobold brigand
   386 | D        | Reached skill level 6 in Maces & Flails
   386 | D        | Reached skill level 1 in Stealth
   401 | D        | Killed a vampire mosquito
   402 | D        | Reached skill level 7 in Maces & Flails
   402 | D        | Reached XP level 6. HP: 25/42 MP: 6/6
   405 | D        | Reached * piety under Okawaru
   406 | D        | Reached skill level 8 in Maces & Flails
   408 | D        | Reached XP level 7. HP: 26/48 MP: 7/7
   549 | D        | Noticed a deep elf pyromancer
   549 | D        | Noticed a wraith
   549 | D        | Noticed a centaur warrior
   549 | D        | Noticed a centaur warrior
   549 | D        | Noticed a cyclops
   549 | D        | Noticed a troll
   554 | D        | Noticed a fire elemental
   556 | D        | Killed a troll
   557 | D        | Reached skill level 9 in Maces & Flails
   558 | D        | Noticed a fire elemental
   561 | D        | Killed a deep elf pyromancer
   561 | D        | Reached ** piety under Okawaru
   562 | D        | Reached skill level 11 in Maces & Flails
   562 | D        | Reached XP level 8. HP: 55/55 MP: 8/8
   568 | D        | Killed a cyclops
   569 | D        | Reached skill level 10 in Shields
   589 | D        | Killed a centaur warrior
   589 | D        | Reached *** piety under Okawaru
   589 | D        | Reached **** piety under Okawaru
   590 | D        | Reached skill level 12 in Maces & Flails
   590 | D        | Reached XP level 9. HP: 23/62 MP: 9/9
   600 | D        | Killed a centaur warrior
   600 | D        | Reached ***** piety under Okawaru
   601 | D        | Reached skill level 10 in Fighting
   601 | D        | Reached skill level 13 in Maces & Flails
   601 | D        | Reached skill level 10 in Armour
   876 | D        | Noticed Joseph
   887 | D        | Killed Joseph
   888 | D        | Reached skill level 1 in Evocations
   979 | D        | Got Witchcraft in Simple Steps
   992 | D        | Noticed a cane toad
  1009 | D        | Reached skill level 14 in Maces & Flails
  1009 | D        | Reached XP level 10. HP: 68/68 MP: 10/10
  1044 | D        | Killed a cane toad
  1044 | D        | Received a gift from Okawaru
  1116 | D        | Noticed a cane toad
  1119 | D        | Noticed a black mamba
  1131 | D        | Noticed a cane toad
  1144 | D        | Killed a cane toad
  1162 | D        | Identified the +0 ring mail of Reasonable Curiosity {rElec
                  | rPois rF- MP+9} (Okawaru gifted it to you in the Dungeon)
  1162 | D        | Received a gift from Okawaru
  1163 | D        | Reached skill level 5 in Dodging
  1174 | D        | Killed a black mamba
  1174 | D        | Reached ****** piety under Okawaru
  1186 | D        | Killed a cane toad
  1187 | D        | Reached skill level 15 in Maces & Flails
  1455 | D        | Noticed a dire elephant
  1455 | D        | Noticed a dire elephant
  1455 | D        | Noticed an elephant
  1455 | D        | Noticed an elephant
  1455 | D        | Noticed an elephant
  1455 | D        | Noticed an elephant
  1465 | D        | Noticed an elephant
  1468 | D        | Killed an elephant
  1481 | D        | Killed an elephant
  1482 | D        | Reached XP level 11. HP: 63/76 MP: 11/11
  1565 | D        | Mangled by a dire elephant

Illustrated notes

Levels and vault maps discovered:
D:        linesprint [early_d, line_temple, items_1, d_10, items_2, lair_1,
          lair_end, items_3, orc_1, orc_end, items_4, d_15, swamp_1, shoals_1,
          snake_1, spider_1, d_20, vaults_1, items_5, swamp_end, shoals_end,
          snake_end, spider_end, vaults_end, d_27, items_6, zot_1, zot_end,
          crypt_end, forest_end, elf_end, slime_end, tomb_end, abyss_end,
          pan_hell_end]

Skill      XL: |  1  2  3  4  5  6  7  8  9 10 |
---------------+-------------------------------+-----
Armour         | 4 5 6 7 8 9 10 11 | 11.0
Fighting       | 4 5 6 7 8 9 10 11 | 11.9
Maces & Flails | 3 5 7 8 11 12 14 15 | 15.1
Shields        | 4 5 6 7 8 9 10 11 14 | 14.1
Dodging        | 1 2 3 4 5 |  5.7
Stealth        | 2 3 4 |  4.6
Evocations     | 1 |  1.8
Throwing       | |  0.8

Action                   |  1- 3 |  4- 6 |  7- 9 | 10-12 || total
-------------------------+-------+-------+-------+-------++-------
Melee: Flail             |    32 |    69 |    72 |   192 ||   365
Throw: Dart              |       |       |       |     2 ||     2
Evoke: Wand              |       |       |     3 |       ||     3
  Use: Potion            |       |     3 |     1 |     3 ||     7
 Stab: Invisible         |       |     2 |       |       ||     2
Armor: Scale mail        |    14 |     8 |       |       ||    22
       Chain mail        |       |    40 |    55 |       ||    95
       Ring mail         |       |       |     5 |    35 ||    40
Dodge: Dodged            |     9 |    17 |    22 |    52 ||   100
Block: Kite shield       |    22 |    51 |    55 |   100 ||   228

Table legend: (Time is in decaauts)
 A = Elapsed time spent in this place.
 B = Non-inter-level travel time spent in this place.
 C = Inter-level travel time spent in this place.
 D = Time resting spent in this place.
 E = Time spent auto-exploring this place.
 F = Levels seen in this place.
 G = Mean time per level.
                   A        B        C        D        E       F      G
               +--------+--------+--------+--------+--------+-----+--------+
         Total |   1534 |   1534 |      0 |    864 |    106 |   1 | 1534.0 |
       Dungeon |   1534 |   1534 |      0 |    864 |    106 |   1 | 1534.0 |
               +--------+--------+--------+--------+--------+-----+--------+

Top non-repeatable levels by time:
       D: 1534 daAuts
